Map: 强酸工厂 - 天梯版

Players

Glaceon - Winner!

  • Race: Terran Terran
  • League: Diamond

电脑难度(专家)

  • Race: Protoss Protoss

VOD

Have the link to the VOD?

Description

Time

  • Played on: Aug. 24, 2018, 11:18 a.m.
  • Length: 11:49
Show
View Real Time Build Order
Export as new Build Order

Glaceon Terran - Winner!

Build Orders: Reaper Expand, MMM Bio 

Get SALT Encoding   

  12  0:01  SCV  
  13  0:13  SCV  
  14  0:17  Supply Depot  
  14  0:25  SCV  
  15  0:38  SCV  
  15  0:41  Barracks  
  16  0:46  Refinery  
  16  0:50  SCV  
  17  1:02  SCV  
  18  1:15  SCV  
  19  1:28  Orbital Command  
  19  1:29  Reaper  
  20  1:41  Command Center  
  20  1:51  Barracks  
  20  1:54  SCV  
  21  2:02  Barracks Reactor  
  21  2:06  Supply Depot  
  21  2:08  SCV  
  22  2:20  SCV  
  23  2:25  Factory  
  23  2:28  Refinery  
  23  2:32  SCV  
  24  2:38  Marine x2  
  24  2:39  Barracks Tech Lab  
  26  2:44  SCV  
  27  2:56  SCV  
  27  2:57  Orbital Command  
  28  3:01  Marine x2  
  28  3:03  Stimpack  
  30  3:07  Marine  
  30  3:08  SCV  
  30  3:10  Widow Mine  
  34  3:19  Engineering Bay  
  34  3:20  SCV  
  34  3:23  SCV  
  34  3:26  Supply Depot  
  36  3:29  Marine x2  
  38  3:36  Widow Mine  
  38  3:38  Marine  
  41  3:42  SCV  
  41  3:47  Terran Infantry Weapons Level 1  
  42  3:49  SCV  
  42  3:50  Marine x2, Supply Depot  
  45  3:57  SCV  
  45  4:01  Starport  
  45  4:02  SCV  
  47  4:05  Widow Mine, Marine  
  47  4:09  SCV  
  51  4:13  Supply Depot  
  51  4:17  Supply Depot  
  51  4:18  SCV  
  51  4:20  Marine x2  
  51  4:23  Marine, SCV  
  56  4:29  Widow Mine  
  58  4:34  SCV  
  59  4:43  Command Center  
  59  4:46  SCV  
  59  4:47  Refinery  
  59  4:49  Medivac  
  59  4:50  Marine  
  59  4:51  Marine  
  64  4:56  Marauder  
  64  4:57  SCV  
  64  4:58  Widow Mine  
  69  5:05  SCV  
  69  5:06  Supply Depot  
  70  5:11  Combat Shields, Engineering Bay  
  70  5:16  Marine, SCV  
  70  5:17  Armory  
  70  5:18  Marine  
  73  5:22  Starport Tech Lab  
  73  5:23  Marauder  
  73  5:25  Widow Mine  
  73  5:28  SCV  
  78  5:31  Refinery  
  78  5:32  SCV  
  79  5:40  SCV  
  79  5:41  Marine x2  
  82  5:45  Terran Infantry Armor Level 1  
  82  5:52  Marauder, Barracks  
  82  5:53  Widow Mine  
  82  5:54  Starport Reactor  
  82  5:55  SCV  
  87  5:58  Orbital Command  
  87  6:02  Supply Depot x2  
  87  6:03  SCV  
  88  6:05  Marine  
  88  6:06  Marine  
  88  6:09  Terran Infantry Weapons Level 2  
  91  6:11  SCV  
  91  6:16  Widow Mine  
  91  6:17  Marauder  
  95  6:23  Marine  
  96  6:26  Supply Depot  
  96  6:27  SCV, Supply Depot  
  96  6:28  SCV  
  96  6:29  Orbital Command  
  98  6:34  Medivac  
  98  6:35  Medivac  
  98  6:36  Marine  
  98  6:38  Marine  
  104  6:41  Concussive Shells  
  104  6:49  Supply Depot  
  104  6:50  Supply Depot  
  104  6:52  Widow Mine  
  104  6:53  Marine, Marauder  
  104  6:54  Marine  
  109  6:57  SCV x2  
  112  7:02  Refinery  
  112  7:05  Refinery  
  112  7:08  Ghost Academy, SCV  
  113  7:09  Marauder  
  113  7:11  Marine  
  116  7:15  Barracks  
  116  7:16  Barracks  
  116  7:18  SCV x2  
  118  7:24  SCV  
  119  7:30  SCV x2, Liberator  
  119  7:31  Marauder  
  119  7:32  Marine x2, Marauder  
  119  7:36  Terran Ship Weapons Level 1  
  127  7:38  SCV  
  128  7:45  Widow Mine  
  128  7:50  Marine x2  
  135  7:52  SCV x3, Ghost x2  
  135  7:57  Terran Infantry Armor Level 2  
  142  8:04  SCV x2  
  144  8:06  Supply Depot  
  144  8:08  Supply Depot  
  144  8:15  SCV  
  144  8:17  Marine x2  
  144  8:18  Command Center  
  144  8:19  Barracks Reactor  
  148  8:20  Barracks Tech Lab  
  148  8:21  Marauder  
  149  8:28  Medivac, Widow Mine  
  149  8:29  SCV  
  149  8:30  Supply Depot  
  149  8:31  Supply Depot  
  155  8:37  Marine x2, Marauder  
  159  8:43  Marauder  
  159  8:45  Liberator x2  
  160  8:50  Ghost  
  160  8:53  Terran Infantry Weapons Level 3  
  160  8:55  Marine  
  163  8:57  Marine x2  
  163  8:58  Marine  
  163  8:59  Marauder  
  163  9:01  Widow Mine  
  173  9:04  Marauder  
  178  9:12  Supply Depot  
  178  9:13  Marine  
  178  9:15  Marine x2  
  181  9:22  Personal Cloaking, Refinery  
  181  9:27  Marine, Refinery  
  181  9:29  Marauder  
  181  9:30  Marauder  
  167  9:43  Marine x4  
  170  9:46  Marauder  
  170  9:50  Orbital Command  
  170  9:51  Marauder  
  171  9:55  Marauder  
  171  9:56  Widow Mine  
  171  9:58  Viking x2  
  177  10:01  Marine x4  
  181  10:07  Marauder  
  184  10:14  Marauder  
  184  10:17  Marauder  
  184  10:19  Marine x4  
  184  10:20  Liberator x2  
  165  10:29  Marauder  
  163  10:36  Widow Mine, Marine x2, Marauder  
  163  10:37  Marine x2  
  163  10:38  Marauder  
  172  10:45  Barracks  
  172  10:48  Barracks  
  171  10:50  Marauder  
  171  10:54  Marine  
  167  10:58  Command Center  
  167  11:00  Marine x3, Marauder x2  
  167  11:01  Widow Mine  
  175  11:11  Marine  
  175  11:12  Marine  
  175  11:18  Marine x3  
  174  11:21  Marine  
Show
View Real Time Build Order
Export as new Build Order

电脑难度(专家) Protoss 

Build Orders: 1 Gate Expand, Zealot Archon, Colossus Rush 

Get SALT Encoding   

  12  0:00  Probe  
  13  0:13  Probe  
  14  0:20  Pylon  
  14  0:25  Probe  
  15  0:34  Probe  
  15  0:42  Probe  
  17  0:50  Assimilator  
  17  0:51  Probe  
  17  0:52  Gateway  
  18  0:59  Probe  
  18  1:01  Pylon  
  19  1:07  Probe  
  20  1:18  Probe  
  21  1:30  Probe  
  22  1:37  Nexus  
  22  1:42  Probe  
  23  1:48  Zealot  
  25  1:57  Probe  
  26  2:03  Cybernetics Core  
  26  2:05  Probe  
  26  2:14  Probe  
  28  2:26  Pylon, Probe  
  29  2:32  Warp Gate  
  29  2:37  Stalker, Gateway  
  29  2:41  Assimilator  
  32  2:44  Probe  
  32  2:57  Pylon, Probe  
  33  2:59  Adept  
  33  3:01  Probe  
  34  3:09  Probe  
  37  3:13  Probe  
  38  3:21  Robotics Facility  
  38  3:24  Adept  
  38  3:26  Adept, Probe  
  43  3:29  Probe  
  44  3:38  Probe  
  45  3:41  Probe  
  45  3:47  Adept, Probe  
  46  3:53  Adept, Probe  
  46  3:55  Probe  
  53  4:05  Probe  
  53  4:09  Adept  
  54  4:12  Probe  
  54  4:14  Robotics Bay  
  54  4:15  Observer  
  54  4:16  Pylon  
  58  4:17  Probe  
  59  4:25  Probe  
  59  4:28  Pylon  
  59  4:31  Robotics Facility  
  60  4:37  Stalker  
  62  4:40  Probe  
  62  4:42  Probe  
  64  4:47  Stalker  
  64  4:50  Pylon  
  66  5:02  Gateway  
  66  5:12  Zealot  
  66  5:13  Pylon  
  68  5:15  Zealot  
  68  5:19  Colossus  
  70  5:25  Zealot  
  70  5:27  Pylon  
  78  5:30  Forge  
  78  5:42  Zealot  
  80  5:45  Stalker, Probe  
  80  5:46  Assimilator  
  83  5:59  Twilight Council  
  83  6:01  Assimilator  
  83  6:05  Forge, Probe  
  83  6:07  Photon Cannon  
  83  6:08  Photon Cannon  
  83  6:09  Probe  
  85  6:12  Nexus  
  85  6:13  Probe  
  86  6:23  Probe x2  
  87  6:28  Pylon  
  88  6:38  Templar Archives  
  88  6:47  Pylon  
  88  6:54  Gateway  
  88  7:02  Sentry  
  88  7:07  Warp Prism, Stalker  
  94  7:12  Stalker  
  96  7:18  High Templar  
  96  7:20  Probe  
  98  7:23  Warp Prism  
  98  7:24  Probe  
  98  7:25  Probe  
  98  7:26  Protoss Ground Weapons Level 1  
  98  7:29  Probe  
  103  7:30  Sentry  
  103  7:31  Assimilator  
  103  7:35  High Templar, Pylon  
  103  7:36  Assimilator, Probe  
  109  7:37  Probe  
  109  7:39  Probe  
  111  7:44  Stalker  
  111  7:46  Psionic Storm  
  111  7:48  Probe  
  111  7:49  Stalker  
  111  7:51  Probe  
  117  7:52  Probe  
  117  7:55  Photon Cannon  
  118  7:58  Pylon  
  118  7:59  Archon, Probe  
  118  8:00  Probe  
  118  8:04  Probe  
  121  8:09  Probe  
  121  8:10  High Templar  
  123  8:13  Probe  
  123  8:15  Protoss Ground Armor Level 1  
  123  8:16  Probe  
  123  8:19  Photon Cannon, High Templar  
  128  8:20  Probe  
  128  8:22  Photon Cannon  
  128  8:25  Photon Cannon, Probe  
  130  8:28  Photon Cannon, Probe  
  130  8:29  Pylon, Stalker  
  130  8:32  Stalker  
  135  8:36  Immortal  
  135  8:41  Archon  
  135  8:42  Stalker  
  141  8:51  Pylon  
  141  8:52  High Templar  
  141  8:53  Photon Cannon  
  143  9:00  High Templar  
  145  9:03  Stalker  
  145  9:09  Immortal  
  151  9:13  Pylon  
  151  9:15  Photon Cannon, Sentry  
  153  9:24  Zealot  
  153  9:26  Zealot  
  153  9:27  Nexus  
  137  9:32  Zealot x2  
  105  9:41  Zealot  
  105  9:44  Zealot  
  103  9:48  Adept  
  107  9:52  Stalker  
  107  9:53  Immortal  
  107  9:56  Stalker  
  111  10:02  Immortal  
  111  10:04  Stalker  
  117  10:08  Zealot  
  117  10:13  Zealot  
  121  10:19  Zealot  
  111  10:25  Probe x2  
  111  10:26  Zealot  
  111  10:27  High Templar  
  82  10:28  Adept  
  82  10:29  Probe  
  82  10:32  Observer  
  82  10:33  High Templar  
  82  10:34  Probe  
  79  10:37  Probe  
  79  10:39  Probe x2  
  79  10:42  Probe  
  77  10:46  Zealot, Probe  
  77  10:48  Assimilator, Sentry  
  80  10:51  Probe  
  80  10:52  Probe x2  
  80  10:53  Assimilator  
  72  10:58  Probe  
  72  10:59  Stalker  
  72  11:01  Stalker  
  72  11:03  Probe  
  65  11:05  Probe  
  65  11:06  Zealot  
  65  11:10  Probe  
  58  11:11  Zealot  
  58  11:14  Probe  
  58  11:17  Probe  
  48  11:20  Adept  
  48  11:22  Sentry  
  48  11:24  Zealot  
  47  11:31  High Templar  
  47  11:36  High Templar  
Tags
 
Add a new tag
Caveats
  • Supply blocks, unpowered buildings, or Contaminate may cause inaccurate times.
  • Supply counts are checked every 10 seconds.